 Dungeon Crawl Stone Soup version 0.31-a0-1616-gbeaec30b81 (webtiles) character file.

Game seed: 12011929112831907848

742 Monkooky the Carver (level 7, -5/41 HPs)
             Began as a Tengu Delver on Jan 10, 2024.
             Was a Follower of Qazlal.
             Killed by divine providence
             ... invoked by an orc priest
              (10 damage)
             ... on level 5 of the Dungeon.
             The game lasted 00:16:02 (3639 turns).

Monkooky the Carver (Tengu Delver)                  Turns: 3639, Time: 00:16:03

Health: -5/41      AC:  8    Str: 15    XL:     7   Next: 76%
Magic:  8/8        EV: 37    Int: 11    God:    Qazlal [*.....]
Gold:   203        SH:  1    Dex: 17    Spells: 6/6 levels left

rFire   + . .        a - +0 falchion
rCold   + . .        (no shield)
rNeg    . . .        x - +0 robe {rC+ rF+}
rPois   +            (helmet restricted)
rElec   .            o - +0 cloak
rCorr   .            h - +4 pair of gloves "Nelime" {+Inv rPois Str+3}
SInv    .            (boots unavailable)
Will    .....        i - amulet of faith
Stlth   +++          f - +5 ring of evasion
HPRegen 0.26/turn    (no ring)
MPRegen 0.11/turn

%: acrobat, faith
@: acrobatic, flying
A: beak, talons 3, evasive flight, acrobatic
a: Renounce Religion, Evoke Invisibility


You were on level 5 of the Dungeon.
You worshipped Qazlal.
Qazlal was aware of your devotion.
You visited 1 branch of the dungeon, and saw 5 of its levels.
You also visited: Sewer.

You collected 203 gold pieces.

Inventory:

Hand Weapons
 a - a +0 falchion (weapon)
Armour
 b - a +0 leather armour
 h - the +4 pair of gloves "Nelime" (worn) {+Inv rPois Str+3}
   (You found it on level 5 of the Dungeon)

   Str+3:     It affects your strength (+3).
   rPois:     It protects you from poison +Inv: It lets you turn invisible.
 o - a +0 cloak (worn)
 t - a scarf of shadows
 x - a +0 robe of resistance (worn)
Jewellery
 f - a +5 ring of evasion (left hand)
 i - an amulet of faith (around neck)
 n - a +6 ring of intelligence
Wands
 g - a wand of digging (2)
 s - a wand of flame (11)
Scrolls
 c - 2 scrolls of fog
 d - 2 scrolls of enchant weapon {unknown}
 e - 4 scrolls of identify {unknown}
 k - a scroll of teleportation {unknown}
 m - a scroll of blinking
 q - a scroll of brand weapon {unknown}
 r - a scroll of summoning {unknown}
 v - a scroll of vulnerability {unknown}
 w - a scroll of torment {unknown}
Potions
 j - a potion of cancellation {unknown}
 p - a potion of magic {unknown}
 u - a potion of heal wounds {unknown}


   Skills:
 - Level 3.0 Fighting
 - Level 9.2 Long Blades
 + Level 2.7 Dodging
 - Level 5.0 Stealth


You had 6 spell levels left.
You didn't know any spells.
Your spell library contained the following spells:

 Spells                   Type           Power      Damage    Failure   Level
 Freeze                   Ice            0%         1d3       34%         1
 Call Imp                 Summ           0%         N/A       47%         2
 Sublimation of Blood     Necr           0%         N/A       47%         2
 Frozen Ramparts          Ice            0%         1d1       71%         3
 Hailstorm                Conj/Ice       0%         3d5       71%         3
 Summon Hydra             Summ           0%         N/A       100%        7


Dungeon Overview and Level Annotations

Branches:
Dungeon (5/15)              Sewer (visited)
 Temple: D:4-7

Altars:
Dithmenos
Qazlal
Uskayaw
Yredelemnul
The Shining One

Annotations:
D:4 exclusion: downstairs


Innate Abilities, Weirdness & Mutations

You have a beak for a mouth.
You have claws for feet.
Your magical flight helps you evade attacks. (EV +4)
You can magically evade attacks while moving or waiting.


Message History

The orc priest is lightly wounded.
The orc misses you. The orc priest completely misses you.
You closely miss the orc priest.
You claw the orc priest, but do no damage.
Your peck misses the orc priest.
It was a potion of curing.
You feel better. The orc completely misses you.
The orc priest barely misses you. The orc closely misses you.
You barely miss the orc priest. You claw the orc priest.
The orc priest is lightly wounded.
The orc misses you. You block the orc priest's attack.
The orc completely misses you.
You hit the orc priest. Your kick misses the orc priest.
Your peck misses the orc priest.
The orc priest is moderately wounded.
The orc misses you.
The orc priest mumbles some strange prayers to Beogh against you.
Beogh smites you!
* * * LOW HITPOINT WARNING * * *
The orc completely misses you.
You feel better. The orc hits you with a +0 club. The orc misses you.
The orc priest invokes the aid of Beogh against you.
Beogh smites you!
* * * LOW HITPOINT WARNING * * *
Unknown command.
You feel better. The orc hits you with a +0 club.
* * * LOW HITPOINT WARNING * * *
The orc priest completely misses you. The orc completely misses you.
Unknown command.
Aiming: Throw Flame
Press: ? - help, Shift-Dir - straight line, f - orc priest
Aim: an orc priest, wielding a +0 mace and wearing a +0 chain mail (moderately wounded, 77% to hit)
Okay, then.
The orc attacks as it pursues you! The orc completely misses you.
The orc priest begins to cast a cantrip, but forgets the words!
The orc attacks as it pursues you! The orc misses you.
The orc attacks as it pursues you! The orc hits you with a +0 club.
* * * LOW HITPOINT WARNING * * *
The orc priest mumbles some strange prayers to Beogh against you.
Beogh smites you!
You die...

#....## #...............*,,,
#...###*#............,,,,,,,
#...##.##......#....,,,,,***
###............##..,,,,,,***
**...,............,,..,,,,,*
**,....##o...#....,.....,,,,*
*,,..........#...#,>....,,,,*
*,,..$....o.o##..##...#,,,,,,
*,,.........@##<......#**,,,,
***..................## *,,,,
*###.<.............## *****
###..............#
*................#
##..............##
#..............#
##.....##..#.###
######*######


You could see an orc priest and 2 orcs.

Vanquished Creatures
  A black bear (D:5)
  5 hounds
  An orc priest (D:5)
  A gnoll bouda (D:4)
  A sleepcap (D:4)
  3 iguanas (D:4)
  Ijyb (D:3)
  An orc wizard (D:5)
  8 gnolls
  7 adders
  A white imp (D:5)
  4 dart slugs
  17 orcs
  20 ball pythons
  8 bats
  13 endoplasms
  6 giant cockroaches
  4 goblins
  8 hobgoblins
  4 jackals (D:3)
  3 kobolds
  4 quokkas
  7 frilled lizards
  3 rats (D:1)
131 creatures vanquished.

Notes
Turn   | Place    | Note
-------+----------+-------------------------------------------
     0 | D:5      | Monkooky the Tengu Delver began the quest for the Orb.
     0 | D:5      | Reached XP level 1. HP: 14/14 MP: 2/2
     5 | D:5      | Identified the +4 pair of gloves "Nelime" {+Inv rPois
                  | Str+3}
     5 | D:5      | Noticed a black bear
    72 | D:5      | Noticed a hound
   115 | D:4      | Noticed a hound
   118 | D:5      | Noticed a hound
   119 | D:5      | Noticed a sleepcap
   125 | D:5      | Noticed an orc priest
   133 | D:4      | Noticed a hound
   196 | D:3      | Noticed Ijyb
   215 | D:3      | Found a glowing drain.
   218 | D:3      | Reached skill level 3 in Long Blades
   218 | D:3      | Reached XP level 2. HP: 19/19 MP: 3/3
   227 | Sewer    | Entered a sewer
   295 | Sewer    | Reached XP level 3. HP: 23/23 MP: 4/4
   341 | Sewer    | Reached skill level 4 in Long Blades
   493 | Sewer    | Reached XP level 4. HP: 28/28 MP: 5/5
   610 | Sewer    | Noticed a bullfrog
   640 | Sewer    | Noticed a bullfrog
   719 | D:3      | Found a basalt altar of Yredelemnul.
   729 | D:2      | Found a faded altar of an unknown god.
   738 | D:2      | Prayed at the altar of an unknown god.
   738 | D:2      | Became a worshipper of the Shining One
   738 | D:2      | Reached * piety under the Shining One
  1046 | D:1      | Reached skill level 5 in Long Blades
  2056 | D:3      | Reached XP level 5. HP: 32/32 MP: 6/6
  2157 | D:3      | Found a shadowy altar of Dithmenos.
  2313 | D:3      | Killed Ijyb
  2436 | D:3      | Reached skill level 6 in Long Blades
  2782 | D:4      | Reached XP level 6. HP: 34/37 MP: 7/7
  2844 | D:4      | Noticed a +0 dagger
  2844 | D:4      | Noticed a +0 hand axe
  2845 | D:4      | Found a hide-covered altar of Uskayaw.
  2920 | D:4      | Reached skill level 7 in Long Blades
  2976 | D:4      | Found a stormy altar of Qazlal.
  2991 | D:4      | Fell from the grace of the Shining One
  2993 | D:4      | Became a worshipper of Qazlal Stormbringer
  3355 | D:5      | Reached skill level 8 in Long Blades
  3355 | D:5      | Gained mutation: Your magical flight helps you evade
                  | attacks. (EV +4) [Tengu growth]
  3355 | D:5      | Reached XP level 7. HP: 41/41 MP: 8/8
  3485 | D:5      | Reached * piety under Qazlal
  3506 | D:5      | Reached skill level 9 in Long Blades
  3636 | D:5      | HP: 2/41 [orc priest/divine providence (12)]
  3639 | D:5      | Killed from afar by an orc priest

Illustrated notes

Levels and vault maps discovered:
D:1:      dpeg_arrival_oval, layout_basic, minmay_misc_feat_cross
D:2:      layout_basic, hellmonk_ecumenical_altar_run_dry
D:3:      layout_basic, chequers_temple_overflow_statue_of_worship,
          portal_sewer_entry_d, guppyfry_early_orc_mine, uniq_ijyb
D:4:      layout_rooms, dancing_weapons_uskayaw,
          nicolae_qazlal_scattered_showers, serial_glass, glass_columns_c,
          glass_columns_b
D:5:      layout_cave_pools, vehumet_altar_wand_db

Skill      XL: |  1  2  3  4  5  6  7 |
---------------+----------------------+-----
Long Blades    | 3 4 5 6 8 9 |  9.2
Fighting       | |  3.0
Dodging        | |  2.7
Stealth        | |  5.0

Action                     |  1- 3 |  4- 6 |  7- 9 || total
---------------------------+-------+-------+-------++-------
  Melee: Falchion          |    72 |   209 |    84 ||   365
         Kick              |    17 |    57 |    31 ||   105
         Peck              |     7 |    40 |    18 ||    65
         Punch             |       |     3 |     2 ||     5
 Invoke: Renounce Religion |       |     1 |       ||     1
  Evoke: Wand              |     1 |       |       ||     1
    Use: Scroll            |     2 |     2 |       ||     4
         Potion            |       |     1 |     3 ||     4
   Stab: Sleeping          |     3 |     1 |       ||     4
 Armour: Leather armour    |    35 |    91 |    24 ||   150
         Robe              |       |       |     5 ||     5
  Dodge: Dodged            |    77 |   221 |   106 ||   404
  Block: Other             |       |       |     4 ||     4

Table legend: (Time is in decaauts)
 A = Elapsed time spent in this place.
 B = Non-inter-level travel time spent in this place.
 C = Inter-level travel time spent in this place.
 D = Time resting spent in this place.
 E = Time spent auto-exploring this place.
 F = Levels seen in this place.
 G = Mean time per level.
                   A        B        C        D        E       F      G
               +--------+--------+--------+--------+--------+-----+--------+
         Total |   3721 |   3636 |     85 |    313 |   2117 |   6 |  620.2 |
       Dungeon |   3195 |   3110 |     85 |    261 |   1950 |   5 |  639.0 |
         Sewer |    526 |    526 |      0 |     52 |    167 |   1 |  526.0 |
               +--------+--------+--------+--------+--------+-----+--------+

Top non-repeatable levels by time:
     D:3: 833 daAuts
     D:2: 730 daAuts
     D:4: 692 daAuts
     D:1: 602 daAuts
   Sewer: 526 daAuts
     D:5: 336 daAuts
